 Dungeon Crawl Stone Soup version 0.27-a0-1431-gcffa5a9b16 (webtiles) character file.

Game seed: 5350368713492059453

762 Sin92 the Chopper (level 7, 0/55 HPs)
             Began as a Demonspawn Fighter on July 2, 2021.
             Was an Initiate of Okawaru.
             Slain by Pikel (20 damage)
             ... on level 4 of the Dungeon.
             The game lasted 00:06:57 (4857 turns).

Sin92 the Chopper (Demonspawn Fighter)              Turns: 4857, Time: 00:06:58

Health: 0/55       AC: 20    Str: 18    XL:     7   Next: 51%
Magic:  7/7        EV:  4    Int: 10    God:    Okawaru [......]
Gold:   163        SH: 13    Dex: 12    Spells: 6/6 levels left

rFire    + . .     SeeInvis .   a - +0 war axe
rCold    + . .     Faith    .   c - +0 kite shield
rNeg     . . .     Spirit   .   d - +0 plate armour
rPois    .         Reflect  .   (no helmet)
rElec    .         Harm     .   m - scarf {rC+ rF+}
rCorr    .         Rampage  .   (no gloves)
Will     .....                  (no boots)
Stlth    ..........             (no amulet)
HPRegen  0.18/turn              (no ring)
MPRegen  0.10/turn              (no ring)

@: sanguine armoured
A: talons 2, sanguine armour 2, condensation shield
a: Renounce Religion


You were on level 4 of the Dungeon.
You worshipped Okawaru.
Okawaru was noncommittal.
You visited 1 branch of the dungeon, and saw 4 of its levels.

You collected 163 gold pieces.

Inventory:

Hand Weapons
 a - a +0 war axe (weapon)
Armour
 c - a +0 kite shield (worn)
 d - a +0 plate armour (worn)
 m - a scarf of resistance (worn)
Wands
 b - a wand of flame (27)
 f - a wand of iceblast (11)
Scrolls
 j - a scroll of magic mapping
Potions
 e - 2 potions of curing
 g - 2 potions of magic {unknown}
 h - a potion of mutation {unknown}
 i - a potion of flight {unknown}
 k - 3 potions of brilliance
 l - a potion of resistance {unknown}


   Skills:
 + Level 4.5 Fighting
 * Level 4.7 Axes
 + Level 4.1 Armour
 + Level 2.7 Dodging
 + Level 4.0 Shields
 + Level 0.0 Invocations


You had 6 spell levels left.
You didn't know any spells.
Your spell library contained the following spells:

 Spells                   Type           Power      Damage    Failure   Level
 Animate Skeleton         Necr           0%         N/A       100%        1
 Pain                     Necr           0%         1d4       100%        1
 Sting                    Tmut/Pois      0%         1d3       100%        1
 Poisonous Vapours        Pois/Air       0%         N/A       100%        2
 Gell's Gravitas          Tloc           0%         N/A       100%        3
 Ignite Poison            Fire/Tmut/Pois 0%         N/A       100%        3
 Lesser Beckoning         Tloc           0%         N/A       100%        3
 Mephitic Cloud           Conj/Pois/Air  0%         N/A       100%        3
 Teleport Other           Tloc           0%         N/A       100%        3
 Vampiric Draining        Necr           0%         2d6       100%        3
 Olgreb's Toxic Radiance  Pois           0%         N/A       100%        4
 Bolt of Magma            Conj/Fire/Erth 0%         4d4       100%        5


Dungeon Overview and Level Annotations

Branches:
Dungeon (4/15)
 Temple: D:4-7

Altars:
Okawaru
Vehumet

Annotations:
D:4 Pikel


Innate Abilities, Weirdness & Mutations

You have razor-sharp toenails.
When seriously injured, your bleeding wounds create thick armour. (AC +9)
A meltable shield of frost defends you. (SH +4)


Message History

You closely miss the lemure.
The lemure shouts!
Your kick misses the lemure. You closely miss the hobgoblin.
You block the hobgoblin's attack.
There are monsters nearby!
You hit the lemure but do no damage. You closely miss the hobgoblin.
You hit the lemure. You block the hobgoblin's attack.
The lemure hits you but does no damage. The lemure barely misses you.
You block the hobgoblin's attack. The lemure hits you but does no damage.
You closely miss the lemure. Your kick misses the lemure.
The lemure is lightly wounded.
You closely miss the hobgoblin. You closely miss the lemure.
The hobgoblin hits you but does no damage.
You block the lemure's attack.
Unknown command.
You closely miss the lemure.
The lemure is lightly wounded.
You hit the hobgoblin but do no damage. You closely miss Pikel.
You block the hobgoblin's attack. The lemure hits you.
Pikel hits you but does no damage. The hobgoblin hits you.
The lemure barely misses you.
Unknown command.
You slash the lemure! You claw the lemure.
The lemure is severely wounded.
Your shield prevents you from hitting the lemure.
You hit Pikel. You hit the hobgoblin.
Pikel hits you with a +1 whip of electrocution!
You are electrocuted!
Your blood congeals into armour.
The hobgoblin hits you. The lemure hits you but does no damage.
You block the lemure's attack. Pikel hits you but does no damage.
You block the lemure's attack. The hobgoblin hits you.
You are too injured to fight recklessly!
Unknown command.
You are too injured to fight recklessly!
As you read the scroll labelled MIUWIH LE UTA, it crumbles to dust.
The scroll dissolves into smoke.
It was a scroll of fog.
You block the lemure's attack. x2
Pikel hits you with a +1 whip of electrocution.
You are electrocuted!!
You die...

. ############ .#
#..........###.#
##.#.#.#.#......#
#..........##.###.
#..#.#.#.#......#.
#.§.........###.#.
#######§§#.#.#.#..#.#.#.
.....5g@5....(....#.#.#.
#
##...§K55#.#.#.#.##.#.#.
#
#...§.§............#.#.
.
......<..#####.#..#.#.#.
#
##...###.......#.##.#.#.
# #... #.#####.#.##.#.#.
# ...> #.#####.#.##.#.#.
# ##.. #.......#.##.#.#[
# #######.#.# #.##


You could see Pikel, 4 lemures and a hobgoblin.

Vanquished Creatures
  Grinder (D:3)
  Sigmund (D:3)
  A water moccasin (D:3)
  Ijyb (D:3)
  An orc wizard (D:3)
  Natasha (thrice) (D:3)
  The ghost of Fronzalo the Insei, a weakling DgTm (D:3)
  8 adders
  A white imp (D:3)
  2 worms
  4 dart slugs
  4 orcs (D:3)
  6 endoplasms
  A giant cockroach (D:3)
  4 goblins
  7 hobgoblins
  6 jackals (D:2)
  8 kobolds
  6 quokkas
  7 ball pythons
  2 bats
  3 frilled lizards
  4 rats
82 creatures vanquished.

Vanquished Creatures (others)
  7 plants (D:2)
7 creatures vanquished.

Grand Total: 89 creatures vanquished

Notes
Turn   | Place    | Note
-------+----------+-------------------------------------------
     0 | D:1      | Sin92 the Demonspawn Fighter began the quest for the Orb.
     0 | D:1      | Reached XP level 1. HP: 18/18 MP: 1/1
   400 | D:1      | Gained mutation: When seriously injured, your bleeding
                  | wounds create armour. (AC +9) [demonic ancestry]
   400 | D:1      | Reached XP level 2. HP: 23/24 MP: 2/2
   476 | D:1      | Found a faded altar of an unknown god.
  1056 | D:2      | Gained mutation: You have sharp toenails. [demonic
                  | ancestry]
  1056 | D:2      | Reached XP level 3. HP: 29/29 MP: 3/3
  1149 | D:2      | Reached skill level 1 in Dodging
  1756 | D:2      | Gained mutation: When seriously injured, your bleeding
                  | wounds create thick armour. (AC +9) [demonic ancestry]
  1756 | D:2      | Reached XP level 4. HP: 30/35 MP: 4/4
  2815 | D:3      | Noticed Grinder
  2829 | D:3      | Paralysed by Grinder for 7 turns
  2845 | D:3      | Killed Grinder
  2846 | D:3      | Reached XP level 5. HP: 5/42 MP: 5/5
  2846 | D:3      | Gained mutation: You have razor-sharp toenails. [demonic
                  | ancestry]
  2846 | D:3      | Reached XP level 6. HP: 6/48 MP: 6/6
  3315 | D:3      | Noticed Ijyb
  3332 | D:3      | Killed Ijyb
  3405 | D:3      | Noticed Natasha
  3410 | D:3      | Killed Natasha
  3801 | D:3      | Noticed Fronzalo's ghost (weakling DgTm)
  3801 | D:3      | Noticed a water moccasin
  3802 | D:3      | Found a transporter.
  3802 | D:3      | Found a transporter.
  4009 | D:3      | Noticed Sigmund
  4013 | D:3      | Killed Sigmund
  4014 | D:3      | Gained mutation: A meltable shield of frost defends you.
                  | (SH +4) [demonic ancestry]
  4014 | D:3      | Reached XP level 7. HP: 50/54 MP: 7/7
  4096 | D:3      | Found a radiant altar of Vehumet.
  4188 | D:3      | Noticed Natasha
  4195 | D:3      | Killed Natasha
  4321 | D:3      | Noticed Natasha
  4333 | D:3      | Killed Natasha
  4441 | D:3      | Killed Fronzalo's ghost
  4745 | D:4      | Found an iron altar of Okawaru.
  4754 | D:4      | Became a worshipper of Warmaster Okawaru
  4850 | D:4      | Noticed Pikel
  4857 | D:4      | Slain by Pikel

Illustrated notes

Levels and vault maps discovered:
D:1:      dpeg_arrival_rooms_c, layout_basic,
          shapermc_ecumenical_altar_starsandcircs, minmay_pentomino_q4
D:2:      layout_basic, serial_forest, infiniplex_forest_clump_small,
          infiniplex_forest_clump_medium, infiniplex_forest_clump_tiny,
          infiniplex_forest_end_1, infiniplex_forest_lined_3,
          infiniplex_forest_end_3, infiniplex_forest_lined_room_
D:3:      layout_basic, lemuel_coloured_pillars_altar, gammafunk_ghost_arena,
          uniq_grinder, uniq_sigmund, uniq_ijyb, uniq_natasha
D:4:      layout_loops_ring, okawaru_trees_1, serial_co_window_serial,
          co_window_of_opportunity_a, co_window_paths_b, co_window_paths_a,
          co_window_paths_b, co_window_paths_b, co_window_corner_b,
          co_window_corner_ca, co_window_paths_c, co_window_paths_e,
          co_window_4corner_b, glass_columns_c, glass_columns_c,
          glass_columns_a, glass_columns_b, uniq_pikel

Skill      XL: |  1  2  3  4  5  6  7 |
---------------+----------------------+-----
Axes           | 2 3 4 |  4.7
Armour         | 3 4 |  4.1
Dodging        | 1 2 |  2.7
Shields        | 3 4 |  4.0
Fighting       | 4 |  4.5

Action                   |  1- 3 |  4- 6 |  7- 9 || total
-------------------------+-------+-------+-------++-------
Melee: War axe           |    96 |    98 |    58 ||   252
       Kick              |     9 |    26 |    16 ||    51
  Use: Scroll            |     2 |     2 |     3 ||     7
       Potion            |       |     3 |     1 ||     4
Armor: Chain mail        |    62 |    34 |       ||    96
       Scale mail        |     8 |       |       ||     8
       Plate armour      |       |    32 |    44 ||    76
Dodge: Dodged            |    19 |    18 |     7 ||    44
Block: Kite shield       |    52 |    43 |    58 ||   153

Table legend: (Time is in decaauts)
 A = Elapsed time spent in this place.
 B = Non-inter-level travel time spent in this place.
 C = Inter-level travel time spent in this place.
 D = Time resting spent in this place.
 E = Time spent auto-exploring this place.
 F = Levels seen in this place.
 G = Mean time per level.
                   A        B        C        D        E       F      G
               +--------+--------+--------+--------+--------+-----+--------+
         Total |   4983 |   4860 |    123 |    557 |   3443 |   4 | 1245.8 |
       Dungeon |   4983 |   4860 |    123 |    557 |   3443 |   4 | 1245.8 |
               +--------+--------+--------+--------+--------+-----+--------+

Top non-repeatable levels by time:
     D:3: 1855 daAuts
     D:2: 1791 daAuts
     D:1: 1084 daAuts
     D:4: 253 daAuts
